 Dungeon Crawl Stone Soup version 0.19.1-1-g22dce08 (webtiles) character file.

676 Jynx the Firebug (level 7, -6/36 HPs)
             Began as a Deep Elf Fire Elementalist on Jan 6, 2017.
             Killed by divine providence
             ... invoked by an orc priest
              (14 damage)
             ... on level 5 of the Dungeon.
             The game lasted 00:09:12 (4326 turns).

Jynx the Firebug (Deep Elf Fire Elementalist)       Turns: 4326, Time: 00:09:13

Health: -6/36      AC:  3    Str:  5    XL:     7   Next: 33%
Magic:  12/18      EV: 13    Int: 22    God:
Gold:   135        SH:  0    Dex: 15    Spells: 3 memorised, 10 levels left

rFire  . . .     SeeInvis .     (no weapon)
rCold  . . .     Gourm    .     a - +1 robe
rNeg   . . .     Faith    +     (no shield)
rPois  .         Spirit   .     (no helmet)
rElec  .         Reflect  .     (no cloak)
rCorr  .         Harm     .     (no gloves)
MR     .....     Rnd*Tele +     (no boots)
Stlth  +++.......               u - amulet of faith
                                m - ring of teleportation (curse)
                                g - ring of stealth

@: no status effects
A: no striking features
a: no special abilities


You were on level 5 of the Dungeon.
You were not hungry.

You visited 1 branch of the dungeon, and saw 5 of its levels.

You collected 135 gold pieces.

Inventory:

Armour
 a - a +1 robe (worn)
Jewellery
 g - a ring of stealth (left hand)
 m - a cursed ring of teleportation (right hand)
 u - an amulet of faith (around neck)
Wands
 x - a wand of polymorph (14/24)
Scrolls
 d - a scroll of blinking
 j - 3 scrolls of noise
 l - a scroll of fear
Potions
 h - 5 potions of agility
 i - 2 potions of lignification
 p - a potion of curing
 r - a potion of brilliance
 s - 2 potions of might
 v - a potion of resistance {unknown}
 w - a potion of flight {unknown}
Books
 b - a book of Flames

   Spells                             Type                      Level
   a - Flame Tongue                   Conjuration/Fire             1
   b - Throw Flame                    Conjuration/Fire             2
   c - Conjure Flame                  Conjuration/Fire             3
   d - Inner Flame                    Hexes/Fire                   3
   e - Sticky Flame                   Conjuration/Fire             4
   f - Fireball                       Conjuration/Fire             5
Comestibles
 c - 4 bread rations


   Skills:
 - Level 2.4 Dodging
 - Level 2.4 Stealth
 + Level 6.2 Spellcasting
 + Level 4.1 Conjurations
 * Level 7.1 Fire Magic


You had 10 spell levels left.
You knew the following spells:

 Your Spells              Type           Power        Failure   Level  Hunger
a - Flame Tongue          Conj/Fire      ####.        1%          1    None
b - Conjure Flame         Conj/Fire      ####....     2%          3    #......
c - Sticky Flame          Conj/Fire      ####....     12%         4    ###....


Dungeon Overview and Level Annotations

Branches:
Dungeon (5/15)
 Temple: D:4-7

Altars:
Kikubaaqudgha
Trog
The Shining One


Message History

* * * LOW HITPOINT WARNING * * *
The orc barely misses you.
Casting: Flame Tongue
Confirm with . or Enter, or press ? or * to list all spells.
Aiming: Flame Tongue
Press: ? - help, Shift-Dir - straight line, f/p - orc
Aim: an orc, wielding a dagger of venom and wearing a chain mail (severely wounded)
The flame tongue hits the orc.
The orc is almost dead.
The orc hits you but does no damage.
Casting: Flame Tongue
Confirm with . or Enter, or press ? or * to list all spells.
Aiming: Flame Tongue
Press: ? - help, Shift-Dir - straight line, f/p - orc
Aim: an orc, wielding a dagger of venom and wearing a chain mail (almost dead)
The flame tongue hits the orc.
The orc appears unharmed.
The orc is almost dead.
The orc priest mumbles some strange prayers to Beogh against you.
Beogh smites you!
You die...

#.#*,**,,,,,,,,,** *,*
#.#*,*#...##*,,,,***,***
#.#*,,...(.,,,,,,,,,,*,,
#.#####...#<,,,,,,,***,* ****
#.##.##...#*,,,,,,** *,*
,,,*######[..#..o.),,,,,,,** *,*
**,*#.......###.o.,,,,,,*** *,*
*,*#.####.#.#.#.#***,,,* *,*
*,**,* #......o@# ***,** *,,
*,,,,* #..#.##..# *,,,* ***
******* #.....(..# *,,,*
********#.##)##.## *,,,* ***
,,,,,,,*#.##.##.# *,,,* *,,
,,,,,,,*#.##.##.#*****,,,******,,
,,,,,,,*#.##.#.$.,,,,,,,,,,,,,*,,
,,,,,,,,..##†#...,,,,,,,,,,,<,*,,
,,,,,,,*##........,,,,,,,,,,,,*,,


You could see an orc priest and 2 orcs.

Vanquished Creatures
  An ogre (D:4)
  A centaur (D:5)
  A scorpion (D:5)
  A wight (D:5)
  An orc priest (D:4)
  2 orc wizards
  2 iguanas
  2 worker ants
  A hound skeleton (D:4)
  A howler monkey skeleton (D:4)
  4 gnolls (D:3)
  8 adders
  A shadow imp (D:3)
  4 worms
  2 leopard geckos
  7 orcs
  7 giant cockroaches
  3 goblins
  4 hobgoblins
  4 jackals (D:4)
  A quokka (D:3)
  A ball python (D:4)
  4 bats
  4 frilled lizards
  7 kobolds
  17 rats
91 creatures vanquished.

Notes
Turn   | Place    | Note
-------+----------+-------------------------------------------
     0 | D:1      | Jynx the Deep Elf Fire Elementalist began the quest for the Orb.
     0 | D:1      | Reached XP level 1. HP: 10/10 MP: 6/6
   567 | D:1      | Reached XP level 2. HP: 15/15 MP: 6/8
  1103 | D:2      | Reached skill level 4 in Fire Magic
  1157 | D:2      | Reached XP level 3. HP: 19/19 MP: 6/10
  1400 | D:2      | Learned a level 3 spell: Conjure Flame
  1426 | D:2      | Found a bloodstained altar of Trog.
  1560 | D:2      | Reached XP level 4. HP: 23/24 MP: 8/11
  2269 | D:3      | Reached skill level 5 in Fire Magic
  2269 | D:3      | Reached XP level 5. HP: 22/28 MP: 4/13
  3220 | D:4      | Reached skill level 5 in Spellcasting
  3220 | D:4      | Reached XP level 6. HP: 32/32 MP: 11/15
  3252 | D:4      | Learned a level 4 spell: Sticky Flame
  3383 | D:4      | Reached skill level 6 in Fire Magic
  3674 | D:4      | Found a glowing golden altar of the Shining One.
  3696 | D:4      | Found an ancient bone altar of Kikubaaqudgha.
  4051 | D:5      | Entered Level 5 of the Dungeon
  4125 | D:5      | Reached XP level 7. HP: 36/36 MP: 4/17
  4271 | D:5      | Reached skill level 7 in Fire Magic
  4326 | D:5      | Killed from afar by an orc priest

Skill      XL: |  1  2  3  4  5  6  7 |
---------------+----------------------+-----
Fire Magic     | 4 5 6 7 |  7.1
Conjurations   | 2 3 4 |  4.1
Spellcasting   | 4 5 6 |  6.2
Dodging        | |  2.4
Stealth        | |  2.4

Action                   |  1- 3 |  4- 6 |  7- 9 || total
-------------------------+-------+-------+-------++-------
Melee: Unarmed           |     4 |     1 |     1 ||     6
 Cast: Flame Tongue      |    59 |   153 |    18 ||   230
       Conjure Flame     |       |     4 |       ||     4
       Sticky Flame      |       |       |     1 ||     1
  Use: Scroll            |       |    13 |     1 ||    14
  Eat: Chunk             |     2 |     8 |       ||    10
Armor: Robe              |     4 |     6 |       ||    10
Dodge: Dodged            |    18 |    28 |     3 ||    49
